 Dungeon Crawl Stone Soup version 0.26.1-11-gd32895ea62 (webtiles) character file.

Game seed: 13439701580011460454

235 bnorton916 the Shield-Bearer (level 6, -4/49 HPs)
             Began as a Formicid Fighter on June 28, 2021.
             Slain by an ogre
             ... wielding a +0 giant spiked club
              (23 damage)
             ... in the Ecumenical Temple.
             The game lasted 00:03:33 (3192 turns).

bnorton916 the Shield-Bearer (Formicid Fighter)     Turns: 3192, Time: 00:03:34

Health: -4/49      AC:  7    Str: 22    XL:     6   Next: 27%
Magic:  6/6        EV:  8    Int:  8    God:
Gold:   181        SH: 10    Dex: 10    Spells: 5/5 levels left

rFire    . . .     SeeInvis +   h - +0 battleaxe
rCold    . . .     Faith    .   c - +0 kite shield
rNeg     . . .     Spirit   .   b - +0 scale mail
rPois    .         Reflect  .   (helmet unavailable)
rElec    .         Harm     .   (no cloak)
rCorr    .         Rampage  .   (no gloves)
Will     .....                  (no boots)
Stlth    ..........             (no amulet)
HPRegen  0.16/turn              (no ring)
MPRegen  0.10/turn              (no ring)

@: no status effects
A: permanent stasis, dig shafts and tunnels, four strong arms, antennae 3
a: Dig


You were in the Ecumenical Temple.
You visited 2 branches of the dungeon, and saw 5 of its levels.

You collected 181 gold pieces.

Inventory:

Hand Weapons
 a - a +0 war axe
 h - a +0 battleaxe (weapon)
 s - a +3 dagger
Missiles
 o - 35 poisoned darts (quivered)
 v - 3 boomerangs
Armour
 b - a +0 scale mail (worn)
 c - a +0 kite shield (worn)
 j - a cursed +0 tower shield
Jewellery
 d - an uncursed ring of stealth {unknown}
Wands
 u - a wand of random effects (16)
Scrolls
 f - a scroll of enchant weapon {unknown}
 l - 4 scrolls of identify {unknown}
 m - a scroll of remove curse {unknown}
 p - 2 scrolls of fear {unknown}
 r - a scroll of random uselessness {unknown}
 t - a scroll of blinking {unknown}
Potions
 e - a potion of brilliance
 g - a potion of cancellation {unknown}
 i - a potion of haste
 k - a potion of resistance {unknown}
 n - a potion of heal wounds {unknown}
 q - a potion of degeneration {unknown}


   Skills:
 + Level 4.5 Fighting
 + Level 3.4 Axes
 + Level 4.5 Armour
 + Level 5.0 Shields


You had 5 spell levels left.
You didn't know any spells.
Your spell library was empty.

Dungeon Overview and Level Annotations

Branches:
Dungeon (4/15)             Temple (1/1) D:4

Altars:
Cheibriados
Gozag
Wu Jian


Innate Abilities, Weirdness & Mutations

You cannot be hasted, slowed, berserked, paralysed or teleported.
You can dig through walls and to a lower floor.
Your four strong arms can wield two-handed weapons with a shield.
You have a pair of large antennae on your head. (SInv)


Message History

You hit the ogre.
The ogre is heavily wounded.
The ogre hits you with a +0 giant spiked club.
You hit the ogre but do no damage.
The ogre is heavily wounded.
The ogre looks more healthy.
You block the ogre's attack.
You barely miss the ogre.
The ogre is heavily wounded.
The ogre hits you with a +0 giant spiked club!
You hit the ogre.
The ogre is heavily wounded.
The ogre completely misses you.
There is a staircase to the Ecumenical Temple here.
The ogre barely misses you.
You climb downwards.
Welcome to the Ecumenical Temple!
Beware, you cannot shaft yourself on this level.
Found an opulent altar of Gozag and an ornate altar of the Wu Jian Council.
There is a staircase back to the Dungeon here.
The ogre hits you with a +0 giant spiked club!!
You die...

### ##.## #
##...###...#
#..<@...._..
##.O.###...#
##.## # #.#
#.# ... ._.
#...


You could see an ogre.

Vanquished Creatures
  2 orc priests (D:3)
  An orc wizard (D:3)
  A worker ant (D:4)
  5 adders
  An ooze (D:3)
  An ufetubus (D:3)
  An adder skeleton (D:3)
  3 dart slugs (D:1)
  2 leopard geckos
  5 orcs (D:3)
  6 bats
  A giant cockroach (D:1)
  8 goblins
  5 hobgoblins
  A quokka (D:3)
  A ball python (D:3)
  5 frilled lizards
  9 kobolds
  8 rats
66 creatures vanquished.

Notes
Turn   | Place    | Note
-------+----------+-------------------------------------------
     0 | D:1      | bnorton916 the Formicid Fighter began the quest for the
                  | Orb.
     0 | D:1      | Reached XP level 1. HP: 18/18 MP: 1/1
   147 | D:1      | Reached XP level 2. HP: 24/24 MP: 2/2
   572 | D:1      | Reached XP level 3. HP: 27/29 MP: 3/3
   575 | D:1      | Reached skill level 4 in Shields
  1914 | D:3      | Reached XP level 4. HP: 37/37 MP: 4/4
  2104 | D:3      | Reached XP level 5. HP: 3/42 MP: 5/5
  2671 | D:3      | Reached XP level 6. HP: 46/49 MP: 6/6
  2751 | D:3      | Found a snail-covered altar of Cheibriados.
  3000 | D:4      | Reached skill level 5 in Shields
  3175 | D:4      | Found a staircase to the Ecumenical Temple.
  3178 | D:4      | Noticed an ogre
  3191 | Temple   | Entered the Ecumenical Temple
  3192 | Temple   | Slain by an ogre

Illustrated notes

Levels and vault maps discovered:
D:1:      minmay_arrival_widening_spiral_wide, layout_basic,
          serial_co_window_serial, co_window_paths_a, co_window_corner_a,
          co_window_corner_a, co_window_corner_a, co_window_corner_a,
          co_window_unsneaky_path_b, co_window_2corner,
          co_window_of_opportunity_b, co_window_corner_b, glass_columns_b,
          glass_columns_c, glass_columns_b, glass_columns_b, glass_columns_c,
          minivault_25, chequers_serial_rivers_small_b
D:2:      layout_loops_ring
D:3:      layout_rooms, old_standard_altar, minmay_misc_feat_rugged
D:4:      layout_gridville, minmay_temple_entry_ruins, serial_shops, shop,
          kennysheep_mini_moat, shop, nicolae_shop_stone, grunt_decor_resistance
Temple:   minmay_crystal_snake_temple

Skill      XL: |  1  2  3  4  5  6 |
---------------+-------------------+-----
Shields        | 4 5 |  5.0
Fighting       | 4 |  4.5
Armour         | 4 |  4.5
Axes           | 3 |  3.4

Action                   |  1- 3 |  4- 6 || total
-------------------------+-------+-------++-------
Melee: War axe           |   133 |    50 ||   183
       Battleaxe         |       |    68 ||    68
Throw: Dart              |       |     1 ||     1
 Abil: Dig               |     1 |     1 ||     2
  Use: Potion            |       |     5 ||     5
Armor: Scale mail        |    79 |    56 ||   135
Dodge: Dodged            |    64 |    52 ||   116
Block: Kite shield       |    80 |    53 ||   133
